 Dungeon Crawl Stone Soup version 0.25.1-2-g60ff931df9 (webtiles) character file.

Game seed: 8472729144929742493

2936 Acheron the Chopper (level 9, 0/68 (69) HPs)
             Began as a Minotaur Chaos Knight on Sept 8, 2020.
             Was a Plaything of Xom.
             Killed from afar by an electric eel (3 damage)
             ... with a bolt of electricity
             ... on level 9 of the Dungeon.
             The game lasted 00:35:17 (6741 turns).

Acheron the Chopper (Minotaur Chaos Knight)         Turns: 6741, Time: 00:35:18

HP:   0/68 (69)     AC: 15    Str: 14 (15) XL:     9   Next: 51%
MP:   11/11         EV:  6    Int: 13      God:    Xom [....*.]
Gold: 332           SH:  0    Dex: 14 (15) Spells: 12/13 levels left

rFire    . . .     SeeInvis .   J - +4 morningstar of Jamporch {elec, Fragile rPois Int+3}
rCold    + + .     Gourm    .   (no shield)
rNeg     . . .     Faith    .   d - +1 plate armour of Fedhas's Fury {rC++ rCorr Dex+3} (curse)
rPois    +         Spirit   .   (helmet restricted)
rElec    .         Reflect  .   (no cloak)
rCorr    +         Harm     .   (no gloves)
MR       +....                  u - +1 pair of boots
Stlth    ..........             (no amulet)
HPRegen  0.21/turn              (no ring)
MPRegen  0.12/turn              (no ring)

@: hasted, very quick
A: retaliatory headbutt, horns 2, blink, deterioration 1, frail 1, magic
resistance 1, mutation resistance 1, weak 1
a: Blink, Renounce Religion


You were on level 9 of the Dungeon.
You worshipped Xom.
You were a beloved toy of Xom.
You were not hungry.

You visited 2 branches of the dungeon, and saw 11 of its levels.

You collected 332 gold pieces.

Inventory:

Hand Weapons
 o - a +0 hunting sling
 q - a +4 dagger of draining
 r - a cursed -3 spear
 H - a +1 rapier of speed
 I - a +0 war axe
 J - the +4 morningstar of Jamporch (weapon) {elec, Fragile rPois Int+3}
   (You found it on level 9 of the Dungeon)

   Occasionally, upon striking a foe, it will discharge some electrical energy
   and cause terrible harm.
   It affects your intelligence (+3).
   It protects you from poison.
   It will be destroyed if unequipped.
Missiles
 e - 241 stones
 l - 34 poisoned darts (quivered)
 s - 13 sling bullets
 C - 8 boomerangs
Armour
 b - a +2 leather armour
 d - the cursed +1 plate armour of Fedhas's Fury (worn) {rC++ rCorr Dex+3}
   (You found it on level 7 of the Dungeon)

   It affects your dexterity (+3).
   It greatly protects you from cold.
   It provides partial protection from all sources of acid and corrosion.
   It has a curse placed upon it.
 u - a +1 pair of boots (worn)
 y - a +3 chain mail
 D - the +1 robe of Qyokhliu {*Slow rPois Str+3}
   (You took it off a centaur on level 5 of the Dungeon)

   It affects your strength (+3).
   It protects you from poison.
   It may slow you when you take damage.
 G - the +1 robe of Tenacity {MR+}
   (You found it on level 7 of the Dungeon)

   It affects your resistance to hostile enchantments.
Jewellery
 w - an uncursed ring of protection from magic {unknown}
Scrolls
 k - 7 scrolls of teleportation
 z - a scroll of enchant armour
 A - a scroll of enchant weapon
 E - a scroll of magic mapping
Potions
 f - a potion of mutation
 g - 3 potions of curing
 h - 2 potions of might
 j - 2 potions of heal wounds
 n - a potion of degeneration {unknown}
 p - a potion of stabbing
 t - a potion of ambrosia
 v - a potion of brilliance {unknown}
 x - 2 potions of haste
 F - a potion of flight {unknown}
Comestibles
 c - 9 rations


   Skills:
 * Level 6.3 Fighting
 * Level 6.7 Short Blades
 * Level 6.7 Axes
 + Level 0.1(4.1) Maces & Flails
 * Level 3.0 Throwing
 * Level 5.7 Armour
 * Level 5.0 Dodging
 * Level 3.8 Stealth
 * Level 2.6 Spellcasting
 * Level 1.2 Charms


You had 12 spell levels left.
You knew the following spells:

 Your Spells              Type           Power        Failure   Level  Hunger
a - Infusion              Chrm           #...         100%        1    #......

Your spell library contained the following spells:

 Spells                   Type           Power        Failure   Level  Hunger
 Shroud of Golubria       Chrm/Tloc      #.....       100%        2    ###....
 Song of Slaying          Chrm           #.......     100%        2    ###....
 Ozocubu's Armour         Chrm/Ice       #.......     100%        3    ###....
 Spectral Weapon          Hex/Chrm       #.......     100%        3    ###....


Dungeon Overview and Level Annotations

Branches:
Dungeon (10/15)            Temple (1/1) D:7             Orc (0/2) D:9
   Lair: D:8-11

Altars:
Ashenzari
Dithmenos
Elyvilon
Fedhas
Gozag
Hepliaklqana
Kikubaaqudgha
Makhleb
Nemelex Xobeh
Okawaru
Qazlal
Sif Muna
Uskayaw
Vehumet
Wu Jian
Xom
Yredelemnul
Zin
The Shining One

Shops:
D:5 %

Annotations:
D:3 3 runed translucent doors, Ebobla's ghost, amateur HOFi; tensugalgo's ghost, amateur GnWn
D:6 exclusion: downstairs
D:7 exclusion: downstairs


Innate Abilities, Weirdness & Mutations

You reflexively headbutt those who attack you in melee.
You have a pair of horns on your head.
You can translocate small distances at will.
Your body sometimes deteriorates upon taking damage.
You are frail. (-10% HP)
You are resistant to hostile enchantments. (MR+)
You are somewhat resistant to further mutation.
You are weak. (Str -2)


Message History

You closely miss the electric eel.
The electric eel is severely wounded.
You closely miss the electric eel.
The electric eel is severely wounded.
You feel yourself speed up.
The two-headed ogre hits you with a +0 giant club!
* * * LOW HITPOINT WARNING * * *
Your body deteriorates!
You feel clumsy.
The two-headed ogre hits you but does no damage.
The electric eel shoots out a bolt of lightning at you!
The bolt of electricity hits you.
* * * LOW HITPOINT WARNING * * *
The electric eel shoots out a bolt of lightning at you!
The bolt of electricity hits you!
* * * LOW HITPOINT WARNING * * *
Xom is highly amused!
The electric eel shoots out a bolt of lightning at you!
The bolt of electricity hits you.
You die...
Xom howls with laughter!

............##......P≈♣≈≈P≈≈..#
........#.#.###.....P;P≈P≈PP..#
........###............P...#.#
......................#.PP...#
...........................###
#..................O...>...#
#.........##...#...........#####
......###.....##.......##..#.#.##
##.............<@......##.......#
###....................##........
###.....##.###.#........##.....##
.....#..##.#####........#......#
.....##.....####........#......#
..##.##.###..#..............)..#
.....#..#........##...........##
.#......#.....................##
.###.#.....#.............##....#


You could see a two-headed ogre and an electric eel.

Vanquished Creatures
  4 yaks (D:8)
  A wyvern (D:9)
  2 ice beasts
  A necrophage (D:6)
  4 ogres
  3 centaurs
  A howler monkey (D:4)
  A big kobold (D:9)
  2 bullfrogs
  4 scorpions
  2 crimson imps
  A bullfrog zombie (D:8)
  3 hounds
  An orc priest (D:6)
  3 jellies
  3 bullfrog skeletons
  4 orc wizards
  Jessica (D:2)
  An iguana (D:4)
  3 worker ants
  Robin (D:4)
  A worker ant zombie (D:5)
  2 howler monkey zombies
  8 adders
  An ooze (D:6)
  An adder zombie (D:2)
  2 worms
  3 dart slugs
  2 leopard geckos
  22 orcs
  A bat zombie (D:2)
  3 giant cockroaches
  12 goblins
  9 hobgoblins
  11 jackals
  5 quokkas
  A ball python skeleton (D:5)
  10 bats
  3 frilled lizards
  A jackal skeleton (D:4)
  14 kobolds
  3 rats
161 creatures vanquished.

Vanquished Creatures (collateral kills)
  An ogre (D:4)
1 creature vanquished.

Vanquished Creatures (others)
  A worm (D:4)
  3 withered plants (D:3)
4 creatures vanquished.

Grand Total: 166 creatures vanquished

Notes
Turn   | Place    | Note
-------+----------+-------------------------------------------
     0 | D:1      | Acheron the Minotaur Chaos Knight began the quest for the
                  | Orb.
     0 | D:1      | Reached XP level 1. HP: 19/19 MP: 0/0
    10 | D:1      | XOM: divination: magic mapping
    70 | D:1      | Reached XP level 2. HP: 27/27 MP: 1/1
   101 | D:1      | XOM: silly message
   190 | D:1      | XOM: noise
   195 | D:1      | XOM: divination: magic mapping
   561 | D:1      | XOM: noise
   604 | D:1      | XOM: scenery: 1 doors close
   620 | D:2      | Reached XP level 3. HP: 33/33 MP: 2/2
   706 | D:2      | Noticed Jessica
   710 | D:2      | Killed Jessica
   710 | D:2      | Reached skill level 1 in Stealth
   827 | D:2      | XOM: divination: detect creatures
   858 | D:2      | Reached XP level 4. HP: 38/40 MP: 3/3
   867 | D:2      | Found a hide-covered altar of Uskayaw.
  1218 | D:4      | Noticed Robin
  1380 | D:3      | Reached XP level 5. HP: 42/47 MP: 5/5
  1492 | D:3      | XOM: 1-stop teleportation journey
  1566 | D:3      | Found a runed translucent gate.
  1566 | D:3      | Found a runed translucent gate.
  1566 | D:3      | Found a runed translucent gate.
  1567 | D:3      | Noticed Ebobla's ghost (amateur HOFi)
  1568 | D:3      | Noticed tensugalgo's ghost (amateur GnWn)
  1619 | D:3      | Reached skill level 1 in Spellcasting
  1637 | D:3      | Noticed an ice beast
  1849 | D:4      | Reached skill level 5 in Axes
  1986 | D:3      | XOM: 6-stop teleportation journey
  2193 | D:4      | XOM: enchant monster (good)
  2202 | D:4      | Noticed an ogre
  2209 | D:4      | Killed an ogre
  2209 | D:4      | Reached XP level 6. HP: 19/53 MP: 6/6
  2221 | D:4      | XOM: swap monsters
  2347 | D:4      | XOM: give mutations
  2347 | D:4      | Gained mutation: Your body sometimes deteriorates upon
                  | taking damage. [Xom's mischief]
  2347 | D:4      | Gained mutation: You are resistant to hostile enchantments.
                  | (MR+) [Xom's mischief]
  2347 | D:4      | Gained mutation: You are weak. (Str -2) [Xom's mischief]
  2347 | D:4      | Gained mutation: You are frail. (-10% HP) [Xom's mischief]
  2484 | D:5      | Entered Level 5 of the Dungeon
  2706 | D:4      | Found a glowing golden altar of the Shining One.
  2718 | D:4      | XOM: smoke on damage
  2809 | D:4      | XOM: enchant monster (bad)
  2893 | D:3      | Found a glowing silver altar of Zin.
  2904 | D:3      | XOM: stat loss: -1 Str (13/14)
  3225 | D:4      | Killed Robin
  3225 | D:4      | Reached XP level 7. HP: 52/54 MP: 8/8
  3345 | D:5      | Found Cenom's Food Shop.
  3500 | D:5      | Identified the +1 robe of Qyokhliu {*Slow rPois Str+3}
  3508 | D:5      | XOM: divination: magic mapping
  3509 | D:5      | XOM: cast spell 'Summon Small Mammal'
  3522 | D:5      | Reached skill level 5 in Fighting
  3522 | D:5      | Reached skill level 1 in Short Blades
  3522 | D:5      | Reached skill level 1 in Throwing
  3672 | D:6      | XOM: potion effect (brilliance)
  3799 | D:6      | XOM: 4-stop teleportation journey
  4096 | D:5      | Reached XP level 8. HP: 56/61 MP: 9/9
  4245 | D:6      | XOM: 3-stop teleportation journey
  4249 | D:7      | XOM: stealth player
  4423 | D:6      | XOM: noise
  4587 | D:6      | Learned a level 1 spell: Infusion
  4829 | D:7      | Found a staircase to the Ecumenical Temple.
  4836 | Temple   | Entered the Ecumenical Temple
  5043 | D:7      | Got a sheer robe
  5044 | D:7      | Identified the +1 robe of Tenacity {MR+} (You found it on
                  | level 7 of the Dungeon)
  5187 | D:7      | XOM: enchant monster (bad)
  5264 | D:7      | Got a translucent plate armour
  5596 | D:9      | XOM: scenery: create altars
  5679 | D:9      | Got a translucent morningstar
  5691 | D:9      | Reached skill level 5 in Short Blades
  5691 | D:9      | Reached skill level 5 in Armour
  5692 | D:9      | Found a staircase to the Orcish Mines.
  5692 | D:9      | XOM: 9-stop teleportation journey
  5809 | D:8      | Reached XP level 9. HP: 46/66 MP: 11/11
  5812 | D:8      | XOM: fake destruction
  5833 | D:8      | Reached skill level 1 in Charms
  5834 | D:8      | XOM: fog
  5909 | D:8      | XOM: give mutations
  5909 | D:8      | Gained mutation: You can translocate small distances at
                  | will. [Xom's grace]
  5909 | D:8      | Gained mutation: You are somewhat resistant to further
                  | mutation. [Xom's grace]
  6023 | D:8      | XOM: god gift: 26 stones
  6134 | D:8      | XOM: silly message
  6228 | D:8      | Noticed a troll
  6231 | D:8      | XOM: polymorph wolf -> swamp drake
  6408 | D:9      | XOM: cast spell 'Disjunction'
  6428 | D:9      | Noticed a two-headed ogre
  6429 | D:9      | XOM: divination: detect creatures
  6431 | D:9      | XOM: stat loss: -1 Str (14/15)
  6438 | D:9      | XOM: silly message
  6443 | D:9      | XOM: cleaving
  6446 | D:9      | Identified the +4 morningstar of Jamporch {elec, Fragile
                  | rPois Int+3} (You found it on level 9 of the Dungeon)
  6456 | D:9      | Identified the cursed +1 plate armour of Fedhas's Fury
                  | {rC++ rCorr Dex+3} (You found it on level 7 of the Dungeon)
  6654 | D:10     | Entered Level 10 of the Dungeon
  6656 | D:10     | Reached skill level 5 in Dodging
  6740 | D:9      | HP: 3/68 [electric eel/bolt of electricity (8)]
  6741 | D:9      | Killed from afar by an electric eel

Illustrated notes

Levels and vault maps discovered:
D:1:      erik_arrival_cave_to_civilisation [erik_arrival_cave_to_hall],
          layout_basic
D:2:      layout_rooms, tgw_trog, old_standard_altar, serial_undead,
          serial_undead_b, serial_undead_e, serial_undead_b, serial_undead_a,
          minmay_unequal, uniq_jessica
D:3:      layout_basic, gammafunk_ghost_cemetery, first_ration,
          lemuel_statue_altar
D:4:      layout_loops_ring, kennysheep_mini, tgw_xom, uniq_robin
D:5:      layout_basic, serial_shops, shop, st_stairs_10
D:6:      layout_loops_ring
D:7:      layout_cave_pods, minmay_temple_entry_wispy, serial_shops,
          nicolae_shop_behind_doors
D:8:      layout_rooms, gammafunk_temple_overflow_pools, erik_lair_island
D:9:      layout_cave_pools, orc_0_dummy, serial_bayou, serial_bayou_pond_a,
          serial_bayou_shore_b, serial_bayou_pond_a, serial_bayou_pond_c
D:10:     layout_stronghold
Temple:   eino_temple_rhombus

Skill      XL: |  1  2  3  4  5  6  7  8  9 |
---------------+----------------------------+-----
Axes           | 4 5 6 |  6.7
Fighting       | 4 5 6 |  6.3
Stealth        | 1 2 3 |  3.8
Armour         | 3 4 5 |  5.7
Dodging        | 2 3 4 5 |  5.0
Spellcasting   | 1 2 |  2.6
Short Blades   | 3 5 6 |  6.7
Throwing       | 1 2 3 |  3.0
Charms         | 1 |  1.2
Maces & Flails | |  0.1

Action                   |  1- 3 |  4- 6 |  7- 9 || total
-------------------------+-------+-------+-------++-------
Melee: Hand axe          |    43 |   127 |       ||   170
       Headbutt          |     5 |    27 |    51 ||    83
       Dagger            |       |    35 |   291 ||   326
       Morningstar       |       |       |    13 ||    13
Throw: Dart              |       |     2 |     2 ||     4
  Use: Scroll            |       |     4 |    16 ||    20
       Potion            |       |     2 |     1 ||     3
 Stab: Sleeping          |       |     3 |     2 ||     5
       Paralysed         |       |     3 |       ||     3
  Eat: Chunk             |       |     6 |     6 ||    12
       Ration            |       |     1 |     1 ||     2
Armor: Leather armour    |    20 |    56 |    44 ||   120
       Chain mail        |       |       |    60 ||    60
       Robe              |       |       |     3 ||     3
       Plate armour      |       |       |     4 ||     4
Dodge: Dodged            |    33 |   106 |   137 ||   276
